 Dungeon Crawl Stone Soup version 0.31.0-32-g396128a36d (webtiles) character file.

Game seed: 7270012864506031705

108835 Gabide the Destroyer (level 15, -4/126 HPs)
             Began as a Demigod Conjurer on Apr 5, 2024.
             Slain by a neqoxec (7 damage)
             ... on level 2 of the Orcish Mines on Apr 6, 2024.
             The game lasted 01:31:26 (35780 turns).

Gabide the Destroyer (Demigod Conjurer)            Turns: 35780, Time: 01:31:27

Health: -4/126     AC: 11    Str:  5    XL:     15   Next: 55%
Magic:  10/55      EV: 15    Int: 47    God:
Gold:   1225       SH:  0    Dex: 12    Spells: 5/40 levels left

rFire   + + +        a - +9 trident (venom)
rCold   . . .        m - orb of Leapfrog {mayhem, Int+4}
rNeg    . . .        P - +0 robe of Hospitality {^Contam rF+++ Str-3 Archmagi}
rPois   .            v - +2 helmet {Int+3}
rElec   .            p - +2 cloak
rCorr   .            M - +2 pair of gloves
SInv    .            (no boots)
Will    +....        (no amulet)
Stlth   ++           g - ring of magical power
HPRegen 0.41/turn    z - ring of magical power
MPRegen 0.34/turn

%: mayhem, archmagi
@: studying Armour
A: high MP 1, forlorn, divine attributes, deterioration 1
a: no special abilities


You were on level 2 of the Orcish Mines.
You visited 4 branches of the dungeon, and saw 23 of its levels.
You also visited: Sewer, Ossuary and Ice Cave.

You collected 2397 gold pieces.
You spent 1172 gold pieces at shops.

Inventory:

Hand Weapons
 a - a +9 trident of venom (weapon)
Missiles
 G - 4 throwing nets
Armour
 m - the orb of Leapfrog (worn) {mayhem, Int+4}
   (You found it on level 3 of the Dungeon)

   Int+4:     It affects your intelligence (+4).
 p - a +2 cloak (worn)
 v - a +2 helmet of intelligence (worn)
 M - a +2 pair of gloves (worn)
 P - the +0 robe of Hospitality (worn) {^Contam rF+++ Str-3 Archmagi}
   (You found it on level 2 of the Dungeon)

   Str-3:     It affects your strength (-3).
   rF+++:     It renders you almost immune to fire.
   ^Contam:   It causes magical contamination when unequipped.
   Archmagi:  It increases the power of your magical spells.
 Q - an orb of light
Magical Staves
 i - a staff of cold
Jewellery
 g - a ring of magical power (left hand)
 n - a ring of poison resistance
 z - a ring of magical power (right hand)
 F - a ring of protection from fire
 H - a ring of fire
 L - the ring of Leduuts {Ice Int+4}
   (You found it on level 7 of the Dungeon)

   [ring of ice]

   Ice:       It enhances your ice magic.
   Int+4:     It affects your intelligence (+4).
   rF-:       It makes you vulnerable to fire.
   rC+:       It protects you from cold.
 O - a ring of wizardry
 W - a ring of see invisible
Talismans
 R - a storm talisman
Wands
 o - a wand of flame (82)
 q - a wand of polymorph (10)
 x - a wand of mindburst (16)
 y - a wand of roots (22)
 C - a wand of paralysis (28)
 J - a wand of quicksilver (14)
Scrolls
 d - a scroll of revelation
 j - 3 scrolls of blinking
 k - a scroll of amnesia
 t - 5 scrolls of fog
 u - 6 scrolls of teleportation
 B - a scroll of vulnerability
 D - a scroll of poison
 S - 2 scrolls of fear
 T - 6 scrolls of identify
 X - a scroll of enchant armour
 Y - 3 scrolls of enchant weapon
Potions
 b - 3 potions of brilliance
 c - 6 potions of lignification
 e - 3 potions of heal wounds
 f - 2 potions of enlightenment
 h - 4 potions of attraction
 l - 3 potions of resistance
 r - a potion of ambrosia
 s - 6 potions of might
 w - 10 potions of curing
 A - 2 potions of haste
 K - 3 potions of magic
 N - 2 potions of mutation
 Z - a potion of invisibility


   Skills:
 + Level 10.2 Fighting
 - Level 9.0 Dodging
 - Level 3.0 Stealth
 * Level 13.3 Spellcasting
 * Level 13.6 Conjurations
 * Level 13.5 Air Magic


You had 5 spell levels left.
You knew the following spells:

 Your Spells              Type           Power      Damage    Failure   Level
a - Magic Dart            Conj           100%       1d8       0%          1
b - Searing Ray           Conj           100%       2d8       0%          2
c - Momentum Strike       Conj/Tloc      100%       3d10      1%          2
d - Mephitic Cloud        Conj/Alch/Air  100%       N/A       1%          3
e - Blink                 Tloc           94%        N/A       1%          2
f - Iskenderun's Mystic   Conj/Tloc      97%        2d19      1%          4
g - Stone Arrow           Conj/Erth      100%       3d13      1%          3
h - Sublimation of Blood  Necr           47%        N/A       1%          2
i - Irradiate             Conj/Alch      48%        3d27      1%          5
j - Freezing Cloud        Conj/Ice/Air   54%        6-21      1%          5
k - Starburst             Conj/Fire      48%        6d13      8%          6

Your spell library contained the following spells:

 Spells                   Type           Power      Damage    Failure   Level
 Shock                    Conj/Air       100%       1d9       0%          1
 Static Discharge         Conj/Air       100%       3-8/arc   0%          2
 Foxfire                  Conj/Fire      100%       2x1d9     1%          1
 Sandblast                Erth           94%        2d19      1%          1
 Sting                    Conj/Alch      100%       1d9       1%          1
 Summon Small Mammal      Summ           100%       N/A       1%          1
 Call Imp                 Summ           94%        N/A       1%          2
 Cigotuvi's Dreadful Rot  Necr/Alch/Air  100%       N/A       1%          2
 Jinxbite                 Hex            94%        N/A       1%          2
 Lesser Beckoning         Tloc           94%        N/A       1%          2
 Mercury Vapours          Alch/Air       100%       N/A       1%          2
 Dazzling Flash           Conj/Hex       100%       N/A       1%          3
 Brom's Barrelling Bould  Conj/Erth      97%        2d11      1%          4
 Fulminant Prism          Conj/Alch      48%        3d21      1%          4
 Call Canine Familiar     Summ           47%        N/A       2%          3
 Confusing Touch          Hex            47%        N/A       2%          3
 Gell's Gravitas          Tloc           47%        N/A       2%          3
 Passwall                 Erth           47%        N/A       2%          3
 Sigil of Binding         Hex            47%        N/A       2%          3
 Teleport Other           Tloc           47%        N/A       2%          3
 Animate Armour           Summ/Erth      94%        N/A       8%          4
 Animate Dead             Necr           47%        N/A       8%          4
 Cause Fear               Hex            23%        N/A       8%          4
 Dimensional Bullseye     Hex/Tloc       23%        N/A       8%          4
 Dispel Undead            Necr           47%        3d18      8%          4
 Martyr's Knell           Necr/Summ      47%        N/A       8%          4
 Petrify                  Alch/Erth      47%        N/A       8%          4
 Summon Blazeheart Golem  Fire/Summ      47%        N/A       8%          4
 Yara's Violent Unravell  Hex/Alch       23%        3d10      22%         5
 Plasma Beam              Fire/Air       48%        2x1d63    8%          6
 Death Channel            Necr           23%        N/A       75%         6
 Dispersal                Tloc           23%        N/A       75%         6
 Chain Lightning          Conj/Air       63%        3d84      96%         9
 Lehudib's Crystal Spear  Conj/Erth      48%        10d12     97%         8
 Enfeeble                 Hex            23%        N/A       100%        7
 Haunt                    Necr/Summ      23%        N/A       100%        7
 Summon Hydra             Summ           23%        N/A       100%        7
 Infestation              Necr           23%        N/A       100%        8


Dungeon Overview and Level Annotations

Branches:
Dungeon (15/15)            Temple (1/1) D:7            Lair (5/5) D:11
  Swamp (0/4) Lair:3        Snake (0/4) Lair:2        Slime (0/5) Lair:4
    Orc (2/2) D:10            Elf (0/3) Orc:2        Depths (0/4) D:15
  Sewer (visited)         Ossuary (visited)           IceCv (visited)
 Vaults: D:13-14

Shops:
D:7 :   D:14 *   Orc:2 ?=((

Annotations:
D:12 3 runed translucent doors
D:14 1 exclusion
Orc:2 1 transporter, mihai's ghost, journeyman TrFi


Innate Abilities, Weirdness & Mutations

You have an increased reservoir of magic. (+10% MP)
You shall have no god before yourself.
Your divine heritage dramatically boosts your attributes as you level up.
Your body sometimes deteriorates upon taking damage.


Message History

The quasit resists.
The quasit is almost dead.
The neqoxec hits the neqoxec.
Mihai's ghost closely misses you.
The neqoxec hits the neqoxec!
The quasit closely misses you.
The quasit claws you but does no damage.
The quasit closely misses you.
Unknown command.
Casting: Starburst (dangerous; 8% risk of failure)
Press: ? - help, Q - select action, (/) - cycle Dir - look around, f - activate You feel a surge of power!
The bolt of fire hits mihai's ghost!!
Mihai's ghost resists.
Mihai's ghost is heavily damaged.
The bolt of fire hits the quasit!!
The quasit resists.
You kill the quasit!
Mihai's ghost flies into a frenzy!
The neqoxec hits the neqoxec!
Mihai's ghost completely misses you. The neqoxec gestures at you.
Something gnaws on your mind!
You feel your power leaking away. Mihai's ghost hits you!!!
The neqoxec hits the neqoxec!
Unknown command.
You don't have enough magic to cast this spell.
Unknown command.
Unknown command.
Casting: Starburst (dangerous; 8% risk of failure)
Confirm with . or Enter, or press ? or * to list all spells.
You feel a surge of power!
You draw magical energy from your own body!
The neqoxec hits the neqoxec!
The neqoxec barely misses the neqoxec.
The neqoxec closely misses you.
Mihai's ghost hits you but does no damage.
Casting: Sublimation of Blood (safe; 1% risk of failure)
Confirm with . or Enter, or press ? or * to list all spells.
You feel a surge of power!
You draw magical energy from your own body!
The neqoxec closely misses the neqoxec.
Mihai's ghost hits you!!!
* * * LOW HITPOINT WARNING * * *
The neqoxec misses the neqoxec.
The neqoxec hits you!
You die...

###........###...............
##.##......##.#####.....##....
#..........#..... ##..........
##........##.5#....##.........
###......#.#...#...#..)......
###.......#..#.##3.##..#).[...
##.........##"#..3#.#©...#.....
#...........#)#3....##..#......
##.####....©#[@.©#..$#.........
### ##....#W.#...#3#.........
#...##.....#.##...#.....
##..#..#.#...#.........#
##...#..#.#...#....#.#...
##....##.W....©#......#...
##......###...###..........
#.........#####........##.#
##..##..........#....######


You could see 2 neqoxecs, a neutral neqoxec (fast, strong, frenzied, distracted,
misshapen) and the neutral mihai's ghost (fast, strong, frenzied).

Vanquished Creatures
  A frost giant (D:15)
  A reaper (IceCv)
  A fire dragon (Lair:5)
  A rakshasa (D:14)
  5 hydras
  An anaconda (Lair:4)
  4 centaur warriors
  Erica (Lair:1)
  2 boulder beetles (D:12)
  A death knight (D:15)
  A catoblepas (D:15)
  An ogre mage (D:15)
  6 two-headed ogres
  3 tengu warriors (D:15)
  8 death yaks
  2 orc high priests (Orc:2)
  Sonja (Orc:1)
  A skyshark (Lair:3)
  The ghost of namarukai the Trooper, a novice FoDe of Gozag (D:7)
  An arcanist (D:13)
  Pikel (D:8)
  A harpy (shapeshifter) (D:14)
  6 orc knights
  3 deep elf pyromancers
  2 lindwurms
  5 ugly things (D:14)
  5 orc sorcerers
  5 cyclopes
  Maurice (Orc:1)
  4 manticores
  2 meliai (D:14)
  7 black mambas
  23 elephants
  A kobold blastminer (Orc:2)
  2 rust devils (D:11)
  3 molten gargoyles (Lair:5)
  2 ice statues (IceCv)
  2 gargoyles (D:14)
  11 cane toads
  2 torpor snails
  A kobold demonologist (D:11)
  11 komodo dragons
  An unseen horror (D:13)
  4 rime drakes
  2 efreet (D:14)
  A freezing wraith (IceCv)
  3 ice devils (IceCv)
  7 polar bears
  9 trolls
  Grinder (D:4)
  29 blink frogs
  3 dream sheep (Lair:2)
  A dire elephant simulacrum (IceCv)
  Sigmund (D:4)
  A shadow (D:9)
  4 wraiths
  A vampire (D:10)
  64 yaks
  6 wyverns
  15 slime creatures
  3 wargs (Orc:1)
  Eustachio (D:4)
  8 basilisks
  2 neqoxecs (Orc:2)
  A death yak simulacrum (IceCv)
  5 steam dragons
  2 vampire mosquitoes (D:12)
  17 water moccasins
  4 acid dragons
  4 hell hounds (Lair:5)
  An ice beast (D:7)
  13 orc warriors
  5 sky beasts
  A black bear (shapeshifter) (D:15)
  7 black bears
  Pargi (Sewer)
  2 laughing skulls (D:14)
  10 wolves
  7 ogres
  11 centaurs
  2 lemures (D:8)
  A phantom (D:5)
  An elf zombie (Ossuary)
  6 kobold brigands
  6 bullfrogs
  3 gnoll sergeants
  7 scorpions
  6 cane toad simulacra
  3 wights (D:9)
  The ghost of Villent the Covered, a weakling MiFi (D:4)
  An elephant simulacrum (IceCv)
  8 killer bees
  A vampire bat (Lair:3)
  2 howler monkeys (D:9)
  2 electric eels (Lair:4)
  3 centaur zombies
  3 human zombies (Ossuary)
  5 lava snakes (Lair:5)
  2 quasits (Orc:2)
  A jelly (Sewer)
  Crazy Yiuf (D:4)
  13 orc priests
  A gnoll bouda (D:7)
  A hound (D:6)
  A sleepcap (D:7)
  Ijyb (D:4)
  An iguana (D:5)
  14 orc wizards
  A hell rat (Lair:4)
  A polar bear simulacrum (IceCv)
  2 spriggan simulacra (IceCv)
  3 wolf simulacra
  2 troll simulacra (IceCv)
  7 hound zombies (Ossuary)
  A mummy (Ossuary)
  11 gnolls
  5 adders
  5 naga simulacra (IceCv)
  6 white imps
  3 ufetubi
  7 adder zombies (Ossuary)
  3 dart slugs (D:2)
  A ribbon worm (D:3)
  31 orcs
  13 bats
  12 endoplasms
  5 giant cockroaches
  3 gnoll zombies (Ossuary)
  9 goblins
  5 hobgoblins
  26 kobolds
  2 quokkas
  7 ball pythons
  3 frilled lizards
  3 jackal zombies (Ossuary)
  A kobold zombie (Ossuary)
  7 orc zombies (Ossuary)
  5 rats
688 creatures vanquished.

Vanquished Creatures (collateral kills)
  A centaur warrior (D:15)
  A two-headed ogre (D:15)
  An orc high priest (Orc:2)
  A deep elf pyromancer (D:12)
  A cyclops (D:15)
  An elephant (Lair:3)
  2 blink frogs (Lair:3)
  A hornet (shapeshifter) (D:14)
  A wraith (D:11)
  7 slime creatures
  A basilisk (Lair:3)
  9 yaks
  2 vampire mosquitoes (D:12)
  An acid dragon (D:12)
  A water moccasin (D:11)
  A black bear (D:11)
  2 orc warriors (Orc:1)
  An ogre (Orc:1)
  3 wolves (Lair:4)
  6 centaurs
  2 wights (D:9)
  2 orc wizards (Orc:1)
  13 orcs
  7 kobolds
  2 gnoll zombies (Ossuary)
  A kobold zombie (Ossuary)
  An orc zombie (Ossuary)
72 creatures vanquished.

Vanquished Creatures (others)
  An ogre mage (Orc:2)
  A centaur warrior (D:15)
  An elephant (Lair:3)
  A kobold blastminer (Orc:2)
  A slime creature (D:12)
  A black bear (D:11)
  An orc warrior (Orc:2)
  A centaur (D:14)
  A bullfrog (Lair:2)
  2 gnoll sergeants (D:7)
  An orc priest (Orc:2)
  An orc wizard (Orc:2)
  A mummy (Ossuary)
  A gnoll (D:7)
  A white imp (IceCv)
  3 orcs
  A ball python (D:4)
  A kobold (D:8)
21 creatures vanquished.

Grand Total: 781 creatures vanquished

Notes
Turn   | Place    | Note
-------+----------+-------------------------------------------
     0 | D:1      | Gabide the Demigod Conjurer began the quest for the Orb.
     0 | D:1      | Reached XP level 1. HP: 14/14 MP: 5/5
   363 | D:1      | Reached XP level 2. HP: 22/22 MP: 4/7
  1156 | D:2      | Reached XP level 3. HP: 27/27 MP: 4/8
  1200 | D:2      | Learned a level 2 spell: Searing Ray
  1266 | D:2      | Reached skill level 1 in Fighting
  1692 | D:2      | Identified the +0 robe of Hospitality {^Contam rF+++ Str-3
                  | Archmagi}
  2547 | D:3      | Identified the orb of Leapfrog {mayhem, Int+4}
  2633 | D:3      | Noticed a scorpion
  2636 | D:3      | Reached XP level 4. HP: 35/35 MP: 7/10
  2968 | D:3      | Reached XP level 5. HP: 41/41 MP: 2/11
  3135 | D:4      | Noticed Grinder
  3145 | D:4      | Paralysed by Grinder for 3 turns
  3150 | D:4      | Killed Grinder
  3151 | D:4      | Reached XP level 6. HP: 22/48 MP: 9/13
  3262 | D:4      | Found a runed translucent door.
  3263 | D:4      | Noticed Crazy Yiuf
  3284 | D:4      | Noticed Eustachio
  3293 | D:4      | Killed Eustachio
  3294 | D:4      | Reached skill level 5 in Conjurations
  3395 | D:4      | Found a glowing drain.
  3399 | Sewer    | Entered a sewer
  3470 | Sewer    | Noticed Pargi
  3480 | Sewer    | Killed Pargi
  3481 | Sewer    | Reached XP level 7. HP: 56/56 MP: 9/16
  3925 | D:4      | Noticed Ijyb
  3939 | D:4      | Killed Ijyb
  3971 | D:4      | Learned a level 2 spell: Momentum Strike
  4126 | D:4      | Found a runed translucent gate.
  4126 | D:4      | Found a runed translucent gate.
  4126 | D:4      | Found a runed translucent gate.
  4128 | D:4      | Noticed Villent's ghost (weakling MiFi)
  4398 | D:4      | Noticed Sigmund
  4404 | D:4      | Killed Sigmund
  4747 | D:4      | Killed Villent's ghost
  4748 | D:4      | Reached skill level 5 in Spellcasting
  4949 | D:4      | Killed Crazy Yiuf
  5113 | D:5      | Entered Level 5 of the Dungeon
  5147 | D:5      | Learned a level 3 spell: Mephitic Cloud
  5150 | D:5      | Learned a level 2 spell: Blink
  5375 | D:5      | Reached XP level 8. HP: 63/63 MP: 20/20
  5491 | D:5      | Found a sand-covered staircase.
  5500 | Ossuary  | Entered an ossuary
  6204 | Ossuary  | Identified the +0 chain mail of Buatiaf {Dex+2}
  7198 | D:6      | Reached XP level 9. HP: 71/71 MP: 23/23
  8366 | D:7      | Noticed namarukai's ghost (novice FoDe)
  8679 | D:7      | Found a transporter.
  8683 | D:7      | Found a transporter.
  8879 | D:7      | Found a staircase to the Ecumenical Temple.
  8925 | Temple   | Entered the Ecumenical Temple
  8998 | D:7      | Found Xuelli's Tremendous Tomes.
  9432 | D:8      | Learned a level 4 spell: Iskenderun's Mystic Blast
  9619 | D:8      | Noticed Pikel
  9643 | D:8      | Killed Pikel
  9738 | D:8      | Learned a level 3 spell: Stone Arrow
 10061 | D:8      | Reached skill level 5 in Fighting
 10062 | D:8      | Reached skill level 5 in Dodging
 10662 | D:9      | Reached XP level 10. HP: 74/81 MP: 23/26
 11489 | D:7      | Killed namarukai's ghost
 11722 | D:7      | Identified the ring of Leduuts {Ice Int+4}
 12576 | D:10     | Entered Level 10 of the Dungeon
 12757 | D:10     | Noticed a two-headed ogre
 12761 | D:10     | Killed a two-headed ogre
 13104 | D:10     | Found a staircase to the Orcish Mines.
 14122 | D:10     | Learned a level 2 spell: Sublimation of Blood
 14203 | D:11     | Found a staircase to the Lair.
 14215 | D:11     | Noticed a two-headed ogre
 14222 | D:11     | Reached XP level 11. HP: 43/90 MP: 7/28
 14237 | D:11     | Killed a two-headed ogre
 15033 | D:11     | Reached skill level 10 in Conjurations
 15278 | Lair:1   | Entered Level 1 of the Lair of Beasts
 15501 | Lair:1   | Noticed Erica
 15506 | Lair:1   | Killed Erica
 15507 | Lair:1   | Reached skill level 10 in Spellcasting
 16932 | Lair:1   | Learned a level 5 spell: Irradiate
 17402 | Lair:2   | Reached XP level 12. HP: 100/100 MP: 31/31
 18209 | D:7      | Bought the Precepts of Maledictive Conjuration for 832 gold
                  | pieces
 18537 | Lair:2   | Reached skill level 1 in Air Magic
 18742 | Lair:2   | Found a staircase to the Snake Pit.
 18943 | Lair:2   | Learned a level 5 spell: Freezing Cloud
 19560 | Lair:3   | Found a staircase to the Swamp.
 20164 | Lair:3   | Reached XP level 13. HP: 108/108 MP: 24/33
 20714 | Lair:4   | Learned a level 6 spell: Starburst
 20715 | Lair:4   | Found a frozen archway.
 20730 | IceCv    | Entered an ice cave
 21729 | IceCv    | Noticed a reaper
 21742 | IceCv    | Killed a reaper
 22234 | Lair:4   | Reached skill level 5 in Air Magic
 23844 | Lair:4   | Found a staircase to the Slime Pits.
 24091 | Lair:5   | Entered Level 5 of the Lair of Beasts
 24652 | Lair:5   | Reached skill level 10 in Air Magic
 24878 | Lair:5   | Reached XP level 14. HP: 109/118 MP: 26/35
 26291 | Lair:5   | Found a large runed translucent door.
 26691 | Lair:5   | Found a large runed translucent door.
 27836 | D:12     | Identified the +1 ring mail of Hekhlul {Slay+3}
 27842 | D:12     | Found a runed translucent door.
 28323 | D:12     | Found a runed translucent door.
 28325 | D:12     | Found a runed translucent door.
 29832 | D:14     | Found Bitwoax's Assorted Antiques.
 30512 | D:14     | Found the +4 robe of Folly {Brill Will-∞ Int+8}
 31067 | D:14     | Reached XP level 15. HP: 76/125 MP: 15/36
 31513 | D:15     | Entered Level 15 of the Dungeon
 32013 | D:15     | Found a staircase to the Depths.
 33333 | Orc:1    | Entered Level 1 of the Orcish Mines
 33603 | Orc:1    | Noticed Maurice
 33786 | Orc:1    | Killed Maurice
 33787 | Orc:1    | Reached skill level 10 in Fighting
 34061 | Orc:2    | Entered Level 2 of the Orcish Mines
 34075 | Orc:2    | Found a transporter.
 34075 | Orc:2    | Noticed mihai's ghost (journeyman TrFi)
 34425 | Orc:2    | Found a transporter.
 34889 | Orc:2    | Found a staircase to the Elven Halls.
 35255 | Orc:2    | Found Syruc's Antique Weapon Shop.
 35255 | Orc:2    | Found Xiuselos's Weapon Shoppe.
 35337 | Orc:2    | Found Nainefes's Magic Scroll Shop.
 35337 | Orc:2    | Found Mengir's Jewellery Shoppe.
 35346 | Orc:2    | Bought a scroll of amnesia for 60 gold pieces
 35347 | Orc:2    | Bought a ring of magical power for 280 gold pieces
 35431 | Orc:1    | Noticed Sonja
 35563 | Orc:1    | Killed Sonja
 35772 | Orc:2    | Gained mutation: Your body sometimes deteriorates upon
                  | taking damage. [a neqoxec]
 35780 | Orc:2    | HP: 3/126 [mihai's ghost (51)]
 35780 | Orc:2    | Slain by a neqoxec

Illustrated notes

Levels and vault maps discovered:
D:1:      minmay_arrival_four_houses, layout_basic, grunt_decor_mini_mirrors,
          corexii_leaking_fountain
D:2:      layout_loops_corners, minmay_statues_item
D:3:      layout_rooms, nzn_hepliaklqana_mist_gate
D:4:      layout_gridville, mainiacjoe_sewer_entry_somewhere_in_here_2,
          gammafunk_ghost_necromancy, roderic_roman_lattice,
          hangedman_decor_lopped, uniq_sigmund, uniq_crazy_yiuf_cottage,
          uniq_eustachio, uniq_grinder, uniq_ijyb
D:5:      layout_rooms, nicolae_uskayaw_murder_on_the_dancefloor,
          mainiacjoe_overflow_catch_the_wave,
          mainiacjoe_ossuary_entry_dusty_tomb
D:6:      layout_basic
D:7:      layout_cave_pools, fedhas_altar_3, kiku_gazebo_pond_becter,
          minmay_temple_entry_tees, gammafunk_ghost_gnarly_gnolls,
          nicolae_shop_i_like_big_books
D:8:      layout_loops_corners, uniq_pikel
D:9:      layout_gridville, marbit_many_paths
D:10:     layout_loops_corners, general_overflow_altar,
          minmay_orc_entry_temple_small
D:11:     cheibrodos_iron_armory, layout_loops_corners,
          due_lair_maze_entry_diamond
D:12:     minmay_the_grid_four_pointed_star_mashed
          [minmay_the_grid_triangle_9x9_warning,
          minmay_the_grid_triangle_9x9_fully_insulated_deathbox,
          minmay_the_grid_triangle_9x9_odd_lines,
          minmay_the_grid_triangle_9x9_descending_squares,
          minmay_the_grid_prize_inner_circle], layout_rooms, drop_trap
D:13:     layout_roguey, drop_trap
D:14:     layout_gridville, grunt_vaults_entry_fortified, serial_shops, shop,
          eino_jars
D:15:     grunt_enter_depths_snipers, layout_basic, cheibriados_altar_2
Temple:   dpeg_chambers_temple
Lair:1:   layout_roguey, grunt_megastairs_2, uniq_erica
Lair:2:   layout_regular_city, dummy_snake_entry
Lair:3:   layout_regular_city, swamp_mist_pool, roderic_batcave, st_stairs_7,
          kennysheep_basilisk_garden, grunt_megastairs_3, lemuel_fruit_tree
Lair:4:   layout_gridlike, dpeg_slime_entry_enclosed,
          portal_ice_cave_entry_ice_simulacra, chequers_serial_rivers_micro_c,
          nicolae_lair_lakeside_cave, serial_bayou_shore_b
Lair:5:   cheibrodos_lair_end_hotspot, layout_cave_shapes, serial_forest,
          infiniplex_forest_straight_3, infiniplex_forest_clump_double,
          infiniplex_forest_lined_3, infiniplex_forest_zigzag_1,
          infiniplex_forest_straight_3, infiniplex_forest_pool,
          infiniplex_forest_lined_room_, infiniplex_forest_straight_3,
          infiniplex_forest_pool, infiniplex_forest_straight_3
Orc:1:    layout_caves, uniq_sonja, uniq_maurice
Orc:2:    grunt_orc_tribal_feast, layout_caves, gammafunk_ghost_stat_death,
          nicolae_orc_crystal_geode

Skill      XL: |  1  2  3  4  5  6  7  8  9 10 11 12 13 14 15 |
---------------+----------------------------------------------+-----
Stealth        | 2 3 |  3.0
Dodging        | 2 3 5 6 7 8 9 |  9.0
Spellcasting   | 2 3 6 7 8 9 10 11 12 13 | 13.3
Fighting       | 1 2 3 5 6 7 8 9 10 | 10.2
Conjurations   | 4 5 6 7 8 9 11 12 13 | 13.6
Air Magic      | 3 10 12 13 | 13.5

Action                     |  1- 3 |  4- 6 |  7- 9 | 10-12 | 13-15 || total
---------------------------+-------+-------+-------+-------+-------++-------
  Melee: Short sword       |     4 |       |       |     4 |       ||     8
         Dagger            |       |       |     1 |       |       ||     1
         Trident           |       |       |       |    14 |    12 ||    26
   Cast: Magic Dart        |   105 |    36 |    84 |     3 |       ||   228
         Searing Ray       |       |     8 |    78 |     1 |       ||    87
         Mephitic Cloud    |       |       |    11 |     5 |       ||    16
         Momentum Strike   |       |       |     3 |       |       ||     3
         Stone Arrow       |       |       |    30 |   293 |   298 ||   621
         Iskenderun's Myst |       |       |     9 |    27 |    57 ||    93
         Sublimation of Bl |       |       |       |     1 |    14 ||    15
         Freezing Cloud    |       |       |       |    17 |    37 ||    54
         Irradiate         |       |       |       |     7 |     4 ||    11
         Starburst         |       |       |       |       |   204 ||   204
    Use: Scroll            |     3 |       |     8 |     8 |     7 ||    26
         Potion            |       |     1 |     4 |     2 |     4 ||    11
   Stab: Sleeping          |       |       |       |       |     1 ||     1
 Armour: Robe              |     3 |     7 |    90 |    81 |   274 ||   455
         Ring mail         |       |       |     3 |       |       ||     3
         Skin              |       |       |       |    13 |       ||    13
  Dodge: Dodged            |    12 |    14 |    99 |    82 |   240 ||   447
